 Dungeon Crawl Stone Soup version 0.26-a0-227-g1af32d979d (webtiles) character file.

Game seed: 10295761029889114814

7880 Ijustatesigmund the Cleaver (level 11, -8/80 HPs)
             Began as an Octopode Gladiator on July 7, 2020.
             Was a Believer of Cheibriados.
             Killed from afar by a catoblepas (10 damage)
             ... with a blast of calcifying dust
             ... on level 9 of the Dungeon.
             The game lasted 00:25:26 (12562 turns).

Ijustatesigmund the Cleaver (Octopode Gladiator)   Turns: 12562, Time: 00:25:26

Health: -8/80      AC:  3    Str: 17 (18) XL:     11   Next: 22%
Magic:  14/14      EV: 19    Int: 12 (15) God:    Cheibriados [**....]
Gold:   293        SH:  0    Dex: 17 (20) Spells: 10/10 levels left

rFire    . . .     SeeInvis .   a - +4 war axe
rCold    . . .     Faith    .   (no shield)
rNeg     . . .     Spirit   .   b - +2 hat
rPois    +         Reflect  .   (no amulet)
rElec    .         Harm     .   h - ring of poison resistance
rCorr    .                      i - ring of stealth
MR       .....                  (no ring)
Stlth    +++++.....             (no ring)
HPRegen  0.23/turn              (no ring)
MPRegen  0.14/turn              (no ring)
                                (no ring)
                                (no ring)

@: very slow
A: almost no armour, stealthy swim, amphibious, 8 rings, constrict 8, camouflage
1, gelatinous body 1
a: Bend Time, Renounce Religion


You were on level 9 of the Dungeon.
You worshipped Cheibriados.
Cheibriados was pleased with you.
You were not hungry.

You visited 2 branches of the dungeon, and saw 10 of its levels.
You also visited: Ossuary.

You collected 458 gold pieces.
You spent 165 gold pieces at shops.

Inventory:

Hand Weapons
 a - a +4 war axe (weapon)
 z - a +4 hand axe
Missiles
 v - 3 silver javelins
 y - 6 javelins (quivered)
Armour
 b - a +2 hat (worn)
Jewellery
 c - an uncursed ring of ice
 h - a ring of poison resistance (left tentacle)
 i - a ring of stealth (right tentacle)
Wands
 e - a wand of polymorph (6)
 o - a wand of disintegration (42)
 q - a wand of paralysis (8)
Scrolls
 f - a scroll of enchant weapon
 g - 7 scrolls of remove curse
 l - 6 scrolls of magic mapping
 n - a scroll of enchant armour
Potions
 d - 2 potions of stabbing
 j - 3 potions of cancellation
 k - 5 potions of lignification
 r - 2 potions of brilliance
 s - a potion of invisibility
 t - a potion of experience {unknown}
 u - a potion of degeneration
 w - 4 potions of magic
 x - 2 potions of might
Comestibles
 p - 13 rations


   Skills:
 + Level 9.6 Fighting
 + Level 9.9 Axes
 + Level 3.3 Throwing
 - Level 8.7 Dodging
 - Level 6.3 Stealth
 + Level 5.1 Invocations


You had 10 spell levels left.
You didn't know any spells.
Your spell library contained the following spells:

 Spells                   Type           Power        Failure   Level
 Freeze                   Ice            #...         32%         1
 Shock                    Conj/Air       #...         32%         1
 Summon Small Mammal      Summ           #...         32%         1
 Call Imp                 Summ           #.......     45%         2
 Swiftness                Chrm/Air       #.......     45%         2
 Call Canine Familiar     Summ           #.......     69%         3
 Confusing Touch          Hex            #.......     69%         3
 Frozen Ramparts          Ice            #.....       69%         3
 Gell's Gravitas          Tloc           #.........   69%         3
 Ozocubu's Armour         Chrm/Ice       #.......     69%         3
 Static Discharge         Conj/Air       #.......     69%         3
 Summon Guardian Golem    Hex/Summ       #.......     69%         3
 Airstrike                Air            #.........   97%         4
 Hailstorm                Conj/Ice       #.......     97%         4
 Petrify                  Tmut/Erth      #.......     97%         4
 Summon Ice Beast         Ice/Summ       #.......     97%         4
 Summon Lightning Spire   Summ/Air       #.......     97%         4
 Lightning Bolt           Conj/Air       #.........   100%        5
 Metabolic Englaciation   Hex/Ice        #.........   100%        5
 Yara's Violent Unravell  Hex/Tmut       #.........   100%        5


Dungeon Overview and Level Annotations

Branches:
Dungeon (9/15)             Temple (1/1) D:7            Lair (0/6) D:9
Ossuary (visited)
    Orc: D:9-12

Altars:
Ashenzari
Cheibriados
Dithmenos
Elyvilon
Fedhas
Gozag
Hepliaklqana
Kikubaaqudgha
Makhleb
Nemelex Xobeh
Okawaru
Qazlal
Ru
Sif Muna
Trog
Uskayaw
Vehumet
Wu Jian
Xom
Yredelemnul
Zin
The Shining One
Lugonu

Shops:
D:5 %


Innate Abilities, Weirdness & Mutations

You cannot wear most types of armour.
You are very stealthy in the water. (Stealth+)
You are amphibious.
You can wear up to eight rings at the same time.
You can use your tentacles to constrict eight enemies at once.
Your skin changes colour to match your surroundings (Stealth+).
Your rubbery body absorbs attacks. (AC +1, EV +1)


Message History

The blast of calcifying dust hits you.
* * * LOW HITPOINT WARNING * * *
You turn to flesh and can move again.
The catoblepas breathes a plume of calcifying dust at you.
The blast of calcifying dust hits you!
* * * LOW HITPOINT WARNING * * *
The catoblepas misses you.
As you read the scroll labeled PIET RYONI, it crumbles to dust.
You assume a fearsome visage.
The catoblepas resists with almost no effort.
The troll looks frightened!
It was a scroll of fear.
The catoblepas breathes a plume of calcifying dust at you.
The blast of calcifying dust hits you.
* * * LOW HITPOINT WARNING * * *
It was a potion of degeneration.
There was something very wrong with that liquid.
You feel weakened.
You feel dopey.
You feel clumsy.
The catoblepas breathes a plume of calcifying dust at you.
The blast of calcifying dust hits you!
You die...

...........# #.# .#
.###.######### .≈. ###
.##..# ### # #.# ##
.##..# ## ##### ##.##
.##..# ####.≈.# .Z.
.##..#####[##.#####.# ##
........##.##.##.##†##$#
.#<...#.##≈..≈§§§Y§≈T.†#
........##.##.##@##.##.#
#.#####.#####.#####.##$#
#.#####.####.≈.##..§(###
.........####(########
#.#####...###'#######
#.# #.#....(####### #.#
#.####### #.# #.# #.#
#.#


You could see a catoblepas.

Vanquished Creatures
  A centaur warrior (D:9)
  A cyclops (D:9)
  A tengu conjurer (D:9)
  A troll (D:9)
  Grinder (D:5)
  2 hippogriffs
  Sigmund (D:3)
  A wyvern (D:9)
  A wraith (D:9)
  A warg (D:9)
  Menkaure (D:5)
  2 soldier ants (D:9)
  Duvessa (D:4)
  4 orc warriors
  2 necrophages
  2 phantoms
  4 centaurs
  2 sky beasts
  A big kobold (D:9)
  A bullfrog (D:6)
  5 elf zombies (Ossuary)
  Dowan (D:4)
  A water moccasin skeleton (D:9)
  2 scorpions
  11 wights
  4 howler monkeys
  4 centaur zombies (Ossuary)
  3 human zombies (Ossuary)
  A bullfrog zombie (D:9)
  6 hounds
  9 orc priests
  2 jellies
  2 centaur skeletons
  A gnoll shaman (D:6)
  2 bullfrog skeletons (D:6)
  Jessica (D:2)
  Ijyb (D:5)
  2 iguanas
  16 orc wizards
  Natasha (D:3)
  8 worker ants
  5 hound skeletons
  3 mummies (Ossuary)
  3 worker ant zombies
  Robin (D:3)
  10 adders
  11 gnolls
  6 shadow imps
  4 white imps
  3 ufetubi
  An ooze (D:3)
  4 worms
  3 dart slugs
  7 leopard geckos
  29 orcs
  9 bats
  A bat zombie (D:8)
  4 giant cockroaches
  6 hobgoblins
  3 jackals (D:5)
  A quokka (D:6)
  2 ball pythons
  6 frilled lizards
  13 goblins
  4 kobolds (D:1)
  A leopard gecko skeleton (D:8)
  A quokka skeleton (D:5)
  3 rats (D:1)
  2 rat zombies (D:8)
260 creatures vanquished.

Vanquished Creatures (others)
  A wizard (D:4)
  A basilisk (D:9)
  A bullfrog (D:9)
  An orc wizard (D:5)
4 creatures vanquished.

Grand Total: 264 creatures vanquished

Notes
Turn   | Place    | Note
-------+----------+-------------------------------------------
     0 | D:1      | Ijustatesigmund the Octopode Gladiator began the quest for
                  | the Orb.
     0 | D:1      | Reached XP level 1. HP: 14/14 MP: 1/1
    65 | D:1      | Reached XP level 2. HP: 12/20 MP: 2/2
   498 | D:1      | Reached XP level 3. HP: 24/25 MP: 3/3
   900 | D:2      | Noticed Jessica
   909 | D:2      | Killed Jessica
  1039 | D:2      | Reached XP level 4. HP: 31/31 MP: 4/4
  1321 | D:2      | Found a bloodstained altar of Trog.
  1323 | D:2      | Found a shimmering blue altar of Sif Muna.
  1325 | D:2      | Found a sparkling altar of Nemelex Xobeh.
  1559 | D:3      | Found a sacrificial altar of Ru.
  1910 | D:3      | Reached XP level 5. HP: 37/37 MP: 5/5
  2321 | D:3      | Noticed Sigmund
  2323 | D:3      | Noticed Natasha
  2714 | D:4      | Reached skill level 5 in Axes
  2714 | D:4      | Reached XP level 6. HP: 29/44 MP: 6/6
  3217 | D:4      | Noticed Duvessa
  3222 | D:4      | Killed Duvessa
  3222 | D:4      | Reached skill level 5 in Fighting
  3222 | D:4      | Reached XP level 7. HP: 33/50 MP: 7/7
  3223 | D:4      | Noticed Dowan
  3326 | D:4      | Killed Dowan
  3489 | D:4      | Found a bloodstained altar of Trog.
  3490 | D:4      | Noticed a wizard
  3496 | D:4      | Killed a wizard
  4133 | D:5      | Entered Level 5 of the Dungeon
  4183 | D:5      | Noticed Grinder
  4192 | D:5      | Killed Grinder
  4192 | D:5      | Reached skill level 5 in Dodging
  4192 | D:5      | Reached XP level 8. HP: 30/57 MP: 8/8
  4232 | D:5      | Found a sand-covered staircase.
  4336 | Ossuary  | Entered an ossuary
  5045 | D:5      | Found Koruplir's Food Boutique.
  5054 | D:5      | Bought a ration for 55 gold pieces
  5054 | D:5      | Bought a ration for 55 gold pieces
  5054 | D:5      | Bought a ration for 55 gold pieces
  5091 | D:5      | Reached XP level 9. HP: 40/64 MP: 9/9
  5775 | D:3      | Noticed Robin
  5783 | D:3      | Killed Robin
  5885 | D:3      | Killed Natasha
  5885 | D:3      | Reached skill level 1 in Stealth
  5927 | D:3      | Killed Sigmund
  6234 | D:5      | Noticed Menkaure
  6238 | D:5      | Killed Menkaure
  6286 | D:5      | Reached skill level 5 in Stealth
  6293 | D:5      | Noticed Ijyb
  6306 | D:5      | Killed Ijyb
  7170 | D:6      | Found a shimmering altar of Xom.
  7237 | D:6      | Found a glowing golden altar of the Shining One.
  7239 | D:6      | Found a basalt altar of Yredelemnul.
  7263 | D:6      | Found a snail-covered altar of Cheibriados.
  7265 | D:6      | Found a shattered altar of Ashenzari.
  8261 | D:7      | Reached XP level 10. HP: 72/72 MP: 10/10
  8319 | D:7      | Found a staircase to the Ecumenical Temple.
  8328 | Temple   | Entered the Ecumenical Temple
  8382 | D:7      | Found a bloodstained altar of Trog.
  8858 | D:6      | Became a worshipper of Cheibriados the Contemplative
  9149 | D:7      | Reached skill level 1 in Invocations
  9550 | D:8      | HP: 1/72 [hippogriff (8)]
  9943 | D:8      | Found a hide-covered altar of Uskayaw.
 10351 | D:8      | Reached * piety under Cheibriados
 10455 | D:8      | Found an iron altar of Okawaru.
 10800 | D:8      | Found a stormy altar of Qazlal.
 10800 | D:8      | Found a glowing silver altar of Zin.
 10905 | D:8      | Found an ancient bone altar of Kikubaaqudgha.
 11021 | D:9      | Found a hazy altar of Hepliaklqana.
 11490 | D:9      | HP: 3/73 [troll (13)]
 11494 | D:9      | Reached ** piety under Cheibriados
 12035 | D:9      | Found a staircase to the Lair.
 12411 | D:9      | Noticed a cyclops
 12429 | D:9      | Killed a cyclops
 12429 | D:9      | Reached XP level 11. HP: 67/80 MP: 10/14
 12534 | D:9      | Noticed a centaur warrior
 12538 | D:9      | Killed a centaur warrior
 12538 | D:9      | Reached skill level 5 in Invocations
 12547 | D:9      | Noticed a catoblepas
 12547 | D:9      | Noticed a white ugly thing
 12560 | D:9      | HP: 2/80 [catoblepas/blast of calcifying dust (5)]
 12562 | D:9      | Killed from afar by a catoblepas

Illustrated notes

Levels and vault maps discovered:
D:1:      nicolae_arrival_memento_mori, layout_basic
D:2:      layout_basic, grunt_temple_overflow_open, minivault_25, uniq_jessica
D:3:      layout_basic, nicolae_ru_great_annihilating_truth,
          serial_bayou_pond_e, uniq_natasha, uniq_robin, uniq_sigmund
D:4:      layout_loops_ring, trog_wizard, uniq_duvessa
D:5:      kennysheep_spiral_hall, layout_basic, enter_ossuary_5, serial_shops,
          shop, first_ration, uniq_menkaure, uniq_grinder, uniq_ijyb
D:6:      layout_loops_corners, nicolae_overflow_hidden_temple
D:7:      layout_gridville, minmay_temple_entry_gardened_gates, basic_altar,
          serial_glass, glass_columns_a, glass_columns_c
D:8:      layout_basic, eat_drink_and_be_merry_uskayaw, kennysheep_little_box,
          lemuel_zombie_altar_kikubaaqudgha,
          chequers_temple_overflow_statue_of_worship
D:9:      hangedman_cross_veins, layout_basic, old_standard_altar,
          erik_lair_orcish_takeover, hangedman_pestilent_swarm
Temple:   corrupted_temple

Skill      XL: |  1  2  3  4  5  6  7  8  9 10 11 |
---------------+----------------------------------+-----
Fighting       | 3 4 5 6 7 8 9 |  9.6
Axes           | 4 5 6 7 8 9 |  9.9
Dodging        | 4 5 6 7 8 |  8.7
Stealth        | 6 |  6.3
Invocations    | 4 5 |  5.1
Throwing       | 3 |  3.3

Action                   |  1- 3 |  4- 6 |  7- 9 | 10-12 || total
-------------------------+-------+-------+-------+-------++-------
Melee: War axe           |    43 |    85 |   224 |   125 ||   477
       Tentacles         |     7 |    18 |    79 |    69 ||   173
       Constrict         |    11 |    22 |    70 |    37 ||   140
       Hand axe          |       |       |   100 |    68 ||   168
Throw: Throwing net      |       |     1 |     6 |     1 ||     8
       Javelin           |       |       |       |     9 ||     9
Invok: Bend Time         |       |       |       |     1 ||     1
Evoke: Wand              |       |       |       |     6 ||     6
  Use: Scroll            |     3 |     6 |    11 |     8 ||    28
       Potion            |       |     2 |     5 |     9 ||    16
 Stab: Sleeping          |     8 |     3 |    17 |    26 ||    54
       Distracted        |       |     1 |       |       ||     1
       Held in net/web   |       |       |     2 |     1 ||     3
       Confused          |       |       |       |     2 ||     2
  Eat: Ration            |       |     2 |     5 |     3 ||    10
Armor: Skin              |     6 |     4 |    22 |    15 ||    47
Dodge: Dodged            |    36 |    61 |   224 |   194 ||   515

Table legend:
 A = Non-vault XP
 B = Vault XP
 C = Vault XP percentage of total XP
 D = Non-vault monster count
 E = Vault monster count
 F = Vault count percentage of total count
                 A         B        C        D         E       F
            +---------+---------+-------+---------+---------+-------
      Total |    6130 |    5128 |  45.5 |     199 |      63 |  24.0
            +---------+---------+-------+---------+---------+-------
        D:1 |      42 |       0 |   0.0 |      26 |       0 |   0.0
        D:2 |      13 |      37 |  74.0 |       4 |       1 |  20.0
        D:3 |      72 |     357 |  83.2 |      11 |      18 |  62.1
        D:4 |     699 |     220 |  23.9 |      33 |       2 |   5.7
        D:5 |     451 |     482 |  51.7 |      24 |       5 |  17.2
        D:6 |    1428 |       0 |   0.0 |      35 |       0 |   0.0
        D:7 |     999 |       0 |   0.0 |      24 |       0 |   0.0
        D:8 |    1255 |       4 |   0.3 |      25 |       3 |  10.7
        D:9 |    1171 |    3192 |  73.2 |      17 |      19 |  52.8
    Ossuary |       0 |     836 | 100.0 |       0 |      15 | 100.0
            +---------+---------+-------+---------+---------+-------
